 Seeded DCSS version 0.27.1-3-gb3d3a73c9e (webtiles) character file.

Game seed: 24446666 (custom seed)

14238 Woods the Bludgeoner (level 11, -8/156 HPs)
             Began as a Minotaur Berserker on Oct 13, 2021.
             Was a High Priest of Trog.
             Constricted to death by Jorgrun (15 damage)
             ... on level 12 of the Dungeon.
             The game lasted 00:16:14 (10696 turns).

Woods the Bludgeoner (Minotaur Berserker)          Turns: 10696, Time: 00:16:15

Health: -8/156     AC: 14    Str: 21    XL:     11   Next: 86%
Magic:  10/10      EV:  5    Int:  4    God:    Trog [*****.]
Gold:   845        SH:  0    Dex: 14    Spells: 10/10 levels left

rFire    . . .     SeeInvis .   p - +3 flail
rCold    . . .     Faith    .   (no shield)
rNeg     . . .     Spirit   .   P - +0 plate armour
rPois    .         Reflect  .   (helmet restricted)
rElec    .         Harm     .   (no cloak)
rCorr    .         Rampage  .   H - +0 pair of gloves
Will     ++...                  (no boots)
Stlth    ..........             d - amulet of regeneration
HPRegen  2.36/turn              (no ring)
MPRegen  0.12/turn              (no ring)

@: berserking, grasped by roots, strong-willed, regenerating, constricted, very
quick
A: horns 2, retaliatory headbutt
a: Renounce Religion, Berserk, Trog's Hand, Brothers in Arms


You were on level 12 of the Dungeon.
You worshipped Trog.
Trog was extremely pleased with you.
You visited 1 branch of the dungeon, and saw 12 of its levels.
You also visited: Sewer.

You collected 845 gold pieces.

Inventory:

Hand Weapons
 p - a +3 flail (weapon)
Missiles
 N - a throwing net (quivered)
Armour
 b - a +0 animal skin
 o - a +0 tower shield
 H - a +0 pair of gloves (worn)
 J - a +0 hat
 P - a +0 plate armour (worn)
Jewellery
 d - an amulet of regeneration (around neck)
 l - a +6 ring of strength
 m - an amulet of faith
 n - an amulet of the acrobat
 u - a +4 ring of evasion
 K - a ring of see invisible
 Q - a ring of ice
 R - a +6 ring of dexterity
 V - the ring "Wolatav" {Ice Str+4 Dex+3}
   (You found it on level 11 of the Dungeon)

   [ring of ice]

   It enhances your ice magic.
   Str:       It affects your strength (+4).
   Dex:       It affects your dexterity (+3).
   rF:        It makes you vulnerable to fire.
   rC:        It protects you from cold.
Wands
 a - a wand of acid (8)
 w - a wand of digging (7)
 C - a wand of iceblast (27)
 D - a wand of mindburst (4)
 U - a wand of polymorph (16)
Scrolls
 f - 3 scrolls of magic mapping {unknown}
 g - 3 scrolls of amnesia {unknown}
 j - a scroll of immolation {unknown}
 s - 4 scrolls of enchant armour
 t - a scroll of acquirement {unknown}
 v - 3 scrolls of fear
 x - 2 scrolls of enchant weapon {unknown}
 y - 2 scrolls of blinking {unknown}
 z - 4 scrolls of teleportation {unknown}
 B - a scroll of silence {unknown}
 I - a scroll of holy word {unknown}
 L - a scroll of torment {unknown}
 M - a scroll of noise {unknown}
 O - a scroll of fog {unknown}
 S - 2 scrolls of identify
Potions
 c - 8 potions of heal wounds
 e - 3 potions of magic {unknown}
 h - 3 potions of flight {unknown}
 i - 2 potions of resistance {unknown}
 k - 9 potions of curing
 q - 2 potions of degeneration {unknown}
 r - 3 potions of mutation {unknown}
 A - a potion of attraction {unknown}
 E - a potion of lignification {unknown}
 F - a potion of ambrosia {unknown}
 G - a potion of haste {unknown}
 T - a potion of cancellation {unknown}
 W - a potion of might {unknown}


   Skills:
 - Level 12.0 Fighting
 + Level 15.1 Maces & Flails
 - Level 8.0 Armour
 - Level 6.0 Dodging
 - Level 8.0 Shields


You had 10 spell levels left.
You didn't know any spells.
Your spell library was empty.

Dungeon Overview and Level Annotations

Branches:
Dungeon (12/15)            Temple (0/1) D:4            Lair (0/6) D:10
  Sewer (visited)
    Orc: D:9-12

Altars:
Cheibriados
Elyvilon
Fedhas
Gozag
Hepliaklqana
Makhleb
Okawaru
Qazlal
Xom
Yredelemnul
Zin

Annotations:
D:8 3 runed translucent doors, bnorton916's ghost, novice DECj
D:12 Jorgrun


Innate Abilities, Weirdness & Mutations

You have a pair of horns on your head.
You reflexively headbutt those who attack you in melee.


Message History

Jorgrun hits you with a staff of earth!
* * * LOW HITPOINT WARNING * * *
You hit Jorgrun.
Jorgrun is moderately wounded.
You completely miss Jorgrun.
Jorgrun is moderately wounded.
Jorgrun misses you.
You bludgeon Jorgrun!! Your headbutt misses Jorgrun.
Jorgrun is heavily wounded.
You closely miss Jorgrun.
Jorgrun is heavily wounded.
Jorgrun gestures at you while chanting.
Roots burst forth from the earth!
The grasping roots grab you! The grasping roots constrict you.
* * * LOW HITPOINT WARNING * * *
You barely miss Jorgrun. You headbutt Jorgrun.
Jorgrun is heavily wounded.
You sock Jorgrun! Your headbutt misses Jorgrun.
Jorgrun is heavily wounded.
You sock Jorgrun! You headbutt Jorgrun.
Jorgrun is severely wounded.
Jorgrun hits you with a staff of earth!
* * * LOW HITPOINT WARNING * * *
The grasping roots constrict you!
* * * LOW HITPOINT WARNING * * *
Unknown command.
You are too berserk!
Unknown command.
You are too berserk!
Press: ? - help, v - describe, . - travel The floor, spattered with blood.
You closely miss Jorgrun. Your headbutt misses Jorgrun.
Jorgrun is severely wounded.
You closely miss Jorgrun. Your headbutt misses Jorgrun.
Jorgrun is severely wounded.
Jorgrun hits you with a staff of earth!
* * * LOW HITPOINT WARNING * * *
The grasping roots constrict you!
You die...

##########..# ###..###
#...........# #......##
#.########.## #..#....# #.#
#†# ###..###..# #.#
#.####......)..# #.#
######....#.#..##..|# #.#
#...........#...#...# #.#
#.####.....(....#...#######
###.###.#
#....@.#.###..........
......<.#
##...#g#..##..########
###.##..# ##.##........#
....##..## #.###..##.#.#
...#.....# #.# #... #.#
.....###.## #.# #...##.#
#.#..# #..# #.# #.#..#.#
#.##.###..####.####.##...#
..........>.........# #..#


You could see Jorgrun.

Vanquished Creatures
  Gastronok (D:8)
  2 two-headed ogres
  Pikel (D:6)
  Maurice (D:8)
  4 cyclopes
  An unseen horror (D:10)
  A kobold demonologist (D:11)
  3 trolls
  Grinder (D:3)
  Prince Ribbit (D:5)
  A hornet (D:7)
  Sigmund (D:5)
  3 yaks (D:11)
  A vampire (D:11)
  A shadow (D:11)
  A steam dragon (D:8)
  Eustachio (D:4)
  3 wyverns
  2 wraiths
  An acid dragon (D:11)
  5 water moccasins
  An ice beast (D:6)
  2 orc warriors
  2 sky beasts (D:7)
  4 black bears
  A necrophage (D:5)
  An ogre (D:7)
  4 centaurs
  A phantom (D:6)
  A kobold brigand (D:11)
  2 lemures (D:6)
  2 bullfrogs (D:8)
  Blork the orc (D:5)
  A scorpion (D:5)
  2 water moccasin zombies
  A wyvern skeleton (D:6)
  21 killer bees
  4 wights (D:6)
  An electric eel (D:8)
  5 howler monkeys
  4 centaur zombies
  A hound (D:6)
  A bullfrog zombie (D:5)
  A centaur skeleton (D:6)
  2 bullfrog skeletons
  3 jellies
  8 orc priests
  4 iguanas
  10 orc wizards
  Natasha (D:4)
  A howler monkey zombie (D:8)
  11 gnolls
  A howler monkey skeleton (D:7)
  4 adders (D:5)
  2 white imps
  A worm (D:2)
  2 dart slugs
  31 orcs
  A bat (D:1)
  9 endoplasms
  3 giant cockroaches
  14 goblins
  7 hobgoblins
  6 jackals
  5 quokkas
  5 ball pythons
  5 frilled lizards
  19 kobolds
  4 rats
259 creatures vanquished.

Vanquished Creatures (others)
  A quokka (D:4)
  9 plants
10 creatures vanquished.

Grand Total: 269 creatures vanquished

Notes
Turn   | Place    | Note
-------+----------+-------------------------------------------
     0 | D:1      | Woods the Minotaur Berserker began the quest for the Orb.
     0 | D:1      | Reached XP level 1. HP: 19/19 MP: 0/0
   310 | D:1      | Reached skill level 4 in Maces & Flails
   411 | D:1      | Reached XP level 2. HP: 27/27 MP: 1/1
   763 | D:1      | Reached skill level 5 in Maces & Flails
   763 | D:1      | Reached XP level 3. HP: 33/33 MP: 2/2
  1072 | D:2      | Reached ** piety under Trog
  1416 | D:2      | Reached skill level 6 in Maces & Flails
  1416 | D:2      | Reached XP level 4. HP: 30/40 MP: 3/3
  1719 | D:3      | Found a faded altar of an unknown god.
  1792 | D:3      | Found a burning altar of Makhleb.
  2066 | D:3      | Noticed Grinder
  2072 | D:3      | Paralysed by Grinder for 4 turns
  2079 | D:3      | Killed Grinder
  2080 | D:3      | Reached skill level 8 in Maces & Flails
  2080 | D:3      | Reached XP level 5. HP: 46/46 MP: 4/4
  2080 | D:3      | Reached XP level 6. HP: 52/52 MP: 5/5
  2184 | D:3      | Found a blossoming altar of Fedhas.
  2280 | D:3      | Found a glowing silver altar of Zin.
  2504 | D:4      | Found an opulent altar of Gozag.
  2575 | D:4      | Reached skill level 9 in Maces & Flails
  2609 | D:4      | Found a staircase to the Ecumenical Temple.
  2654 | D:4      | Found a white marble altar of Elyvilon.
  2714 | D:4      | Reached XP level 7. HP: 58/58 MP: 6/6
  2825 | D:4      | Noticed Eustachio
  2873 | D:4      | Killed Eustachio
  2873 | D:4      | Reached *** piety under Trog
  2874 | D:4      | Reached skill level 10 in Maces & Flails
  2884 | D:4      | Noticed Natasha
  2891 | D:4      | Killed Natasha
  3399 | D:5      | Entered Level 5 of the Dungeon
  3399 | D:5      | Found a glowing drain.
  3413 | D:5      | Reached skill level 11 in Maces & Flails
  3448 | Sewer    | Entered a sewer
  3497 | Sewer    | Reached XP level 8. HP: 56/66 MP: 7/7
  3615 | D:5      | Noticed Sigmund
  3631 | D:5      | Killed Sigmund
  3632 | D:5      | Reached skill level 12 in Maces & Flails
  3958 | D:5      | Noticed Prince Ribbit
  3964 | D:5      | Noticed Blork the orc
  3975 | D:5      | Killed Blork the orc
  3987 | D:5      | Killed Prince Ribbit
  3988 | D:5      | Reached skill level 13 in Maces & Flails
  4027 | D:5      | Reached **** piety under Trog
  4259 | D:5      | Reached XP level 9. HP: 69/71 MP: 8/8
  4284 | D:5      | Reached skill level 14 in Maces & Flails
  4583 | D:6      | Reached skill level 5 in Fighting
  4597 | D:6      | Noticed a cyclops
  4606 | D:6      | Killed a cyclops
  4607 | D:6      | Reached skill level 5 in Armour
  4767 | D:6      | Reached skill level 5 in Dodging
  4835 | D:6      | Noticed Pikel
  4852 | D:6      | Killed Pikel
  4853 | D:6      | Reached XP level 10. HP: 84/84 MP: 9/9
  5078 | D:6      | Identified the +1 robe "Zung" {Int+6}
  5515 | D:7      | Paralysed by a hornet for 3 turns
  5829 | D:7      | Found a snail-covered altar of Cheibriados.
  5836 | D:7      | Found a basalt altar of Yredelemnul.
  6102 | D:7      | Found a shimmering altar of Xom.
  6196 | D:8      | Reached skill level 1 in Shields
  6197 | D:8      | Noticed Maurice
  6223 | D:8      | Killed Maurice
  6298 | D:8      | Found a runed translucent gate.
  6299 | D:8      | Found a runed translucent gate.
  6300 | D:8      | Found a runed translucent gate.
  6302 | D:8      | Noticed bnorton916's ghost (novice DECj)
  6427 | D:8      | Noticed Gastronok
  6442 | D:8      | Killed Gastronok
  6442 | D:8      | Reached ***** piety under Trog
  6443 | D:8      | Reached skill level 5 in Shields
  6443 | D:8      | Reached XP level 11. HP: 99/99 MP: 10/10
  6483 | D:8      | Found a hazy altar of Hepliaklqana.
  6518 | D:8      | Reached skill level 10 in Fighting
  7518 | D:9      | Found an iron altar of Okawaru.
  7518 | D:9      | Found a stormy altar of Qazlal.
  7770 | D:9      | HP: 5/100 [poisoned by an orc wizard]
  8595 | D:10     | Entered Level 10 of the Dungeon
  9341 | D:10     | Found a staircase to the Lair.
  9896 | D:11     | Identified the ring "Wolatav" {Ice Str+4 Dex+3}
 10076 | D:11     | Noticed a two-headed ogre
 10083 | D:11     | Killed a two-headed ogre
 10175 | D:11     | Noticed a fire dragon
 10575 | D:12     | Noticed a two-headed ogre
 10585 | D:12     | Killed a two-headed ogre
 10586 | D:12     | Reached skill level 15 in Maces & Flails
 10667 | D:12     | Noticed Jorgrun
 10696 | D:12     | HP: 7/156 [Jorgrun (12)]
 10696 | D:12     | Constricted to death by Jorgrun

Illustrated notes

Levels and vault maps discovered:
D:1:      scummos_arrival_simple_crosswalls, layout_loops_corners
D:2:      layout_loops_ring, serial_forest, infiniplex_forest_lined_1,
          infiniplex_forest_clump_curved, infiniplex_forest_lined_corner,
          infiniplex_forest_clump_long, infiniplex_forest_lined_corner,
          infiniplex_forest_straight_5, infiniplex_forest_straight_2
D:3:      layout_loops_ring, mainiacjoe_overflow_24_doors,
          mainiacjoe_overflow_alcove_4, nicolae_overflow_hidden_temple,
          chequers_ecumenical_altar_grove, uniq_grinder
D:4:      layout_basic, elyvilon_altar_4, grunt_gozag_statues,
          minmay_temple_entry_wispy, uniq_natasha, uniq_eustachio
D:5:      layout_basic, gup_sewer_entry_glass, serial_curves, eino_curves_02,
          eino_curves_02, eino_curves_01, eino_curves_01, uniq_blork_the_orc,
          uniq_prince_ribbit1, uniq_sigmund
D:6:      layout_loops_cross, uniq_pikel
D:7:      layout_loops_cross, lemuel_coloured_pillars_altar,
          mainiacjoe_overflow_big_doors
D:8:      layout_cave_pods, general_overflow_altar, gammafunk_ghost_spectres,
          serial_glass, glass_columns_a, glass_columns_c, serial_bayou_pond_b,
          uniq_maurice, uniq_gastronok
D:9:      layout_basic, gammafunk_temple_overflow_elements
D:10:     layout_loops_ring, lair_entry_dummy, grunt_ministairs_3
D:11:     layout_roguey, enter_bailey_3, minmay_increasing_density
D:12:     layout_loops_ring, erik_orc_1, st_stairs_12, uniq_jorgrun

Skill      XL: |  1  2  3  4  5  6  7  8  9 10 11 |
---------------+----------------------------------+-----
Maces & Flails | 4 5 6 8 9 11 13 14 15 | 15.1
Fighting       | 6 9 12 | 12.0
Armour         | 6 8 |  8.0
Dodging        | 5 6 |  6.0
Shields        | 5 8 |  8.0

Action                   |  1- 3 |  4- 6 |  7- 9 | 10-12 || total
-------------------------+-------+-------+-------+-------++-------
Melee: Mace              |    92 |    84 |   291 |   265 ||   732
       Headbutt          |    11 |    16 |    64 |    92 ||   183
       Flail             |       |       |       |   195 ||   195
Invok: Berserk           |       |     3 |     8 |    16 ||    27
       Trog's Hand       |       |       |       |     1 ||     1
  Use: Scroll            |       |       |       |     4 ||     4
 Stab: Sleeping          |     1 |       |       |       ||     1
Armor: Animal skin       |    13 |     2 |       |       ||    15
       Chain mail        |       |    17 |   140 |   113 ||   270
       Plate armour      |       |       |       |    86 ||    86
Dodge: Dodged            |    61 |    34 |   132 |   154 ||   381
